[Event "*** Titled Tuesday Blitz"]
[Site "Chess.com"]
[Date "2021.04.27"]
[Round "1"]
[White "ybruned"]
[Black "IMRosen"]
[Result "0-1"]
[WhiteElo "2353"]
[BlackElo "2683"]
[TimeControl "180+1"]
[EndTime "10:08:58 PDT"]
[Termination "IMRosen won by resignation"]

1. b3 e5 2. Bb2 Nc6 3. e3 Nf6 4.
Bb5 e4 5. Bxc6 dxc6 6. d3 Bd6 7. Nd2 Bg4 8. f3 exf3 9. Ngxf3 Qe7 10. e4 O-O-O 11.
Qe2 Nh5 12. O-O-O Nf4 13. Qf1 Ba3 14. h3 Bh5 15. g4 Bg6 16. h4 Qc5 17. Kb1 Bxb2 18.
Kxb2 f6 19. h5 Bf7 20. Nh4 Qe5+ 21. Kb1 a5 22. Nc4 Bxc4 23. bxc4 a4 24. Qe1 Qc5 25.
Rh2 Rhe8 26. Rf2 Qb6+ 27. Ka1 a3 28. Rb1 Qd4+ 29. c3 Qd6 30. Nf5 Qe5 31. d4 Qxe4 32. Qxe4 Rxe4 33. Nxg7 Nd3 34. Rd2 Nb2 35. c5 Rxg4 36. Nf5 Re8 37. h6 Rg5 38. Ng7 Re3 39.
c4 Nxc4 40. Rc2 Nb2 41. Rf2 Rg6 42. Nh5 Rxh6 43. Nxf6 Re6 44. Ng4 Rh4 45. Rf8+ Kd7 46. Rf7+ Ke8 47. Rxc7 Rxg4 48. Rxb7 Rxd4 49. Rb3 Ra4 50.
Rb8+ Ke7 51. Rb7+ Kf6 52. Rxh7 Ke5 53. Rh5+ Kd4 54. Rh4+ Re4 55. Rh3 Kxc5 56. Rc1+ Rec4 57. Rh5+ Kb6 58. Rb1 Rab4 59. Rh3 Ra4 60. Rb3+ Rcb4 61.
Rf3 Rb5 62. Rg3 Rab4 63. Rxa3 Nc4 64. Rxb4 Rxb4 65. Rh3 Nd6 66. a3 Ra4 67. Ka2 Rd4 68. Kb3 c5 69. Rh6 Kc6 70. a4 Rd3+ 71. Kc2 Ra3 72. Rh4 c4 73. Kb2 Rxa4 74. Kc3 Ra3+ 75. Kb4 Rb3+ 76. Ka4 Rb8 77. Rg4 Kc5 78. Rg3 Ne4 79.
Rg4 Kd4 80. Ka3 c3 0-1

[Event "*** Titled Tuesday Blitz"]
[Site "Chess.com"]
[Date "2021.04.27"]
[Round "1"]
[White "annacramling"]
[Black "Lenyas66"]
[Result "1/2-1/2"]
[WhiteElo "2085"]
[BlackElo "2493"]
[TimeControl "180+1"]
[EndTime "10:08:58 PDT"]
[Termination "Game drawn by repetition"]

1. d4 Nf6 2. c4 d6 3. Nc3 e5 4. dxe5 dxe5 5. Qxd8+ Kxd8 6. Bg5 Be6 7. O-O-O+ Nd7 8. e3 c6 9. Ne4 Kc7 10. Bxf6 gxf6 11.
Nf3 Be7 12. Be2 Rhg8 13. Rhg1 f5 14. Nc3 Bf6 15. h3 Nc5 16. Nd2 a5 17. g4 e4 18.
gxf5 Bxf5 19. f3 exf3 20. Nxf3 Bxh3 21. Nd4 Bg5 22. Rg3 Bd7 23. Rf1 Rae8 24. Kd2 f6 25. Nf5 Re5 26. Nh6 Rge8 27. Ng4 Bxg4 28. Bxg4 Rxe3 29. Rxe3 Rxe3 30. Kc2 Rg3 31. Bf5 h5 32. a3 h4 33. b4 axb4 34. axb4 Rg2+ 35. Kb1 Nb3 36. Ne4 Re2 37. Rd1 Nd2+ 38. Nxd2 Bxd2 39.
b5 Bc3 40. Rd7+ Kb6 41. bxc6 bxc6 42. Rd6 Kc5 43. Rd8 Kxc4 44. Rc8 Rb2+ 45. Kc1 c5 46. Rh8 Rh2 47. Re8 Be5 48. Rd8 h3 49. Rh8 Rh1+ 50. Kd2 h2 51. Bd3+ Kb4 52. Be4 c4 53. Bxh1 c3+ 54.
Kc2 Kc4 55. Be4 Kd4 56. Bf5 Ke3 57. Rh3+ Kf2 58. Be4 Kg1 59. Rh8 f5 60. Bxf5 h1=Q 61. Rxh1+ Kxh1 62. Be4+ Kg1 63. Bd3 Kf2 64. Bf5 Ke3 65.
Bg6 Kd4 66. Bh7 Bf4 67. Bg6 Bd2 68. Bh7 Kc4 69. Bg6 Kb4 70. Bh7 Kc4 71. Bg6 Kd4 72.
Bh7 Ke3 73. Bg6 Ke2 74. Bh7 Ke1 75. Bg6 Kf2 76. Bh7 Kg3 77. Bg6 Kf4 78. Bh7 Ke5 79. Bd3 Kd4 80. Bh7 1/2-1/2

[Event "*** Titled Tuesday Blitz"]
[Site "Chess.com"]
[Date "2021.04.27"]
[Round "1"]
[White "PlotnikovPavel"]
[Black "Sanan_Sjugirov"]
[Result "0-1"]
[WhiteElo "2465"]
[BlackElo "2976"]
[TimeControl "180+1"]
[EndTime "10:09:04 PDT"]
[Termination "Sanan_Sjugirov won by checkmate"]

1. e4 c6 2. d4 d5 3. exd5 cxd5 4. Bd3 Nc6 5. c3 Nf6 6. Bf4 g6 7. Nf3 Ne4 8. Nbd2 Bf5 9. Bxe4 dxe4 10. Ng5 Qd5 11. Qb3 Qxb3 12. axb3 Bh6 13. Ne6 Bxf4 14. Nxf4 e5 15. dxe5 Nxe5 16. O-O Rd8 17. Nc4 Nxc4 18. bxc4 a6 19. Nd5 Be6 20. Nf6+ Kf8 21. Nxe4 Bxc4 22. Rfd1 Rxd1+ 23. Rxd1 Ke7 24. Nc5 b6 25. Rd7+ Kf6 26.
Rd6+ Ke5 27. Rxb6 Rd8 28. h3 a5 29. Nb7 Rd1+ 30. Kh2 a4 31. Na5 Be6 32. Rb4 Ra1 33.
f4+ Kd6 34. Nc4+ Kc5 35. Na3 Bb3 36. Rb5+ Kc6 37. Rb4 Ra2 38. Nc4 Kc5 39. Ne5 f6 40.
Nd3+ Kc6 41. Kg3 Ra1 42. Kf2 Kd6 43. Ke3 Kc7 44. Kd4 Rd1 45. Ke3 Rg1 46. Kf2 Rb1 47. Ke3 f5 48. Kd4 Rg1 49. Nc5 Bc2 50. Nxa4 Rxg2 51. Rc4+ Kd6 52. Nc5 Rg3 53. Rb4 Rxh3 54.
Rb6+ Kc7 55. Rb7+ Kc6 56. b4 Ba4 57. Nxa4 Kxb7 58. Nc5+ Kc6 59. Ne6 Rf3 60. c4 Rf1 61.
b5+ Kb6 62. Kd5 h5 63. Nd4 Rc1 64. c5+ Rxc5+ 65. Ke6 Rxb5 66. Nxb5 Kxb5 67. Kf6 h4 68. Kxg6 h3 69. Kxf5 h2 70. Kg4 h1=Q 71. f5 Qe4+ 72. Kg5 Qe5 73. Kg6 Qg3+ 74. Kf6 Kc6 75. Ke7 Qd6+ 76. Ke8 Kd5 77. f6 Ke6 78. f7 Qd7+ 79. Kf8 Qxf7# 0-1

[Event "*** Titled Tuesday Blitz"]
[Site "Chess.com"]
[Date "2021.04.27"]
[Round "1"]
[White "Ibrayevnb"]
[Black "Msb2"]
[Result "1/2-1/2"]
[WhiteElo "2463"]
[BlackElo "2889"]
[TimeControl "180+1"]
[EndTime "10:09:06 PDT"]
[Termination "Game drawn by repetition"]

1. d4 Nf6 2. c4 e6 3. Nf3 d5 4.
Nc3 Bb4 5. cxd5 exd5 6. Bg5 h6 7.
Bh4 Bf5 8. Qb3 Nc6 9. e3 O-O 10.
Bxf6 Qxf6 11. Be2 Qd6 12. O-O Bxc3 13. Qxc3 Ne7 14. Rfc1 c6 15. b4 Rfc8 16. a4 a6 17.
Qc5 Qd8 18. Qc3 Bg4 19. h3 Bxf3 20. Bxf3 Nf5 21. g3 Nd6 22. Be2 g6 23. Bd3 Kg7 24.
h4 h5 25. Kg2 Qe7 26. Qc5 Qd8 27. Ra2 a5 28. Rb1 axb4 29. Rxb4 Ra5 30. Qc3 Rca8 31. Qb3 b5 32. Qc2 Nc4 33. Bxc4 dxc4 34. Qe4 Qd5 35. Kf3 Rxa4 36. Raxa4 Rxa4 37. Qxd5 cxd5 38. Rxb5 c3 39. Rc5 Ra3 40. Rxd5 Kf6 41. Rc5 Ke6 42. Ke4 Kd6 43.
f3 f5+ 44. Kf4 Ke6 45. e4 fxe4 46. fxe4 Kd6 47. g4 hxg4 48. Kxg4 Ra4 49. Rxc3 Rxd4 50. Kf4 Rd1 51. Rg3 Rf1+ 52. Kg5 Ke5 53. Kxg6 Kxe4 54. h5 Kf4 55. Rg2 Ra1 56. h6 Ra6+ 57. Kh7 Kf5 58. Kg7 Ra7+ 59. Kh8 Kf6 60. Rg7 Ra8+ 61. Rg8 Ra7 62.
h7 Rb7 63. Rf8+ Kg6 64. Rg8+ Kh6 65. Rc8 Rxh7+ 66. Kg8 Rg7+ 67. Kf8 Rg1 68. Rc6+ Kh7 69. Rc7+ Kh6 70. Rc6+ Kg5 71. Rc7 Kf6 72. Rf7+ Ke6 73. Re7+ Kd6 74. Rg7 Rb1 75. Kg8 Ke6 76. Rg6+ Kf5 77.
Rc6 Rb7 78. Kf8 Ke5 79. Ke8 Kd5 80. Rh6 Rg7 81. Kf8 Ra7 82. Ke8 Ra8+ 83. Kd7 Ra7+ 84. Kc8 Ra8+ 85. Kb7 Rg8 86. Rh5+ Kd6 87. Rh6+ Kc5 88.
Rh5+ Kd6 89. Rh6+ Kc5 90. Rh5+ Kd6 1/2-1/2

[Event "*** Titled Tuesday Blitz"]
[Site "Chess.com"]
[Date "2021.04.27"]
[Round "1"]
[White "jerry_77"]
[Black "Andreikka"]
[Result "1/2-1/2"]
[WhiteElo "2452"]
[BlackElo "2873"]
[TimeControl "180+1"]
[EndTime "10:10:52 PDT"]
[Termination "Game drawn by 50-move rule"]

1. e4 e5 2. Nf3 Nc6 3. Bb5 a6 4. Ba4 Nf6 5. O-O d6 6. Re1 b5 7. Bb3 Na5 8. d4 Nxb3 9. axb3 Nd7 10. Nc3 Bb7 11. Bg5 f6 12. Be3 g6 13. Qd2 Bg7 14.
Bh6 O-O 15. Bxg7 Kxg7 16. Qd3 Rf7 17. b4 Nf8 18. d5 f5 19. b3 h6 20. Ne2 Bc8 21. c4 Bd7 22. Nc3 Nh7 23. c5 Nf6 24. Nd2 fxe4 25. Ndxe4 Bf5 26. f3 g5 27. Qd2 Bg6 28.
Nxf6 Rxf6 29. Ra2 Rf4 30. Ne2 Rf7 31. Rea1 Qf6 32. Ng3 Qf4 33. Qxf4 Rxf4 34. Rxa6 Rxa6 35. Rxa6 Rxb4 36. Ra7 Kf6 37. Rxc7 dxc5 38. Rxc5 Rxb3 39. Rc6+ Kg7 40. Ne4 Rd3 41. Rc7+ Kf8 42. Nf6 Bf7 43. Nd7+ Kg8 44. Nxe5 Rd1+ 45. Kf2 Bxd5 46. Nd7 Be6 47. Nf6+ Kf8 48. Rb7 Rb1 49. Ne4 b4 50. Nc5 Bf7 51. Nd7+ Kg8 52. Nf6+ Kg7 53. Nd7 Bd5 54. Rb6 b3 55.
Nc5 Rc1 56. Nd3 Rc3 57. Ne5 Rc2+ 58. Ke3 Rxg2 59. Rb5 Bg8 60. Rb7+ Kf6 61. Ng4+ Kg6 62. Rb6+ Kg7 63. Rb7+ Kf8 64. Rb8+ Kf7 65. Nxh6+ Kg7 66. Nxg8 b2 67. Ne7 Rxh2 68. Nf5+ Kf6 69. Nd4 Rh3 70. Rxb2 g4 71. Rb6+ Kf7 72. Rb7+ Ke8 73. Rb8+ Kd7 74. Ke4 gxf3 75. Nxf3 Rh1 76. Ne5+ Kc7 77.
Rg8 Re1+ 78. Kd5 Rd1+ 79. Ke6 Re1 80. Rg4 Re2 81. Rc4+ Kb6 82. Rc3 Re1 83. Kd6 Rd1+ 84. Nd3 Kb5 85. Kd5 Kb6 86. Rb3+ Kc7 87. Ke6 Kc6 88.
Rc3+ Kb5 89. Kd5 Kb6 90. Kd4 Kb7 91. Ke4 Rh1 92. Kd5 Rd1 93. Kc5 Kc7 94. Ne5 Kd8 95. Nc4 Ke7 96. Kc6 Kf6 97. Re3 Rc1 98. Kd5 Rd1+ 99. Ke4 Ke6 100. Nb2 Rb1 101. Nd3 Rh1 102. Kd4+ Kd6 103. Rg3 Rh4+ 104. Ke3 Ke7 105. Nf4 Rh1 106. Ke4 Re1+ 107. Kd5 Kf6 108. Rf3 Rd1+ 109. Ke4 Re1+ 110. Kd3 Ke7 111. Ne2 Kd6 112. Nd4 Rd1+ 113. Kc4 Rc1+ 114. Kb4 Kd5 115. Nb5 Rb1+ 116. Ka5 Rh1 117. Kb6 Ke4 118. Rf6 Rb1 119. Kc6 Ke5 120. Rd6 Rc1+ 121. Kd7 Rb1 122. Nd4 Kf4 123. Ke6 Re1+ 124. Kd5 Ra1 125. Rf6+ 1/2-1/2

[Event "*** Titled Tuesday Blitz"]
[Site "Chess.com"]
[Date "2021.04.27"]
[Round "2"]
[White "Grandmaster2B"]
[Black "attack2mateU"]
[Result "0-1"]
[WhiteElo "2506"]
[BlackElo "2721"]
[TimeControl "180+1"]
[EndTime "10:13:28 PDT"]
[Termination "attack2mateU won by resignation"]

1. e4 c5 2. Nf3 d6 3. d4 cxd4 4. Nxd4 Nf6 5. Nc3 a6 6. f3 e5 7. Nb3 Be7 8. Be3 Be6 9. Qd2 h5 10. Be2 Nbd7 11. O-O Qc7 12. Rac1 b5 13. Rfd1 Nb6 14.
Bxb6 Qxb6+ 15. Kh1 h4 16. Nd5 Bxd5 17. exd5 Nh5 18. Bf1 Ng3+ 0-1

[Event "*** Titled Tuesday Blitz"]
[Site "Chess.com"]
[Date "2021.04.27"]
[Round "2"]
[White "AniJak"]
[Black "Willychess95"]
[Result "0-1"]
[WhiteElo "2290"]
[BlackElo "2599"]
[TimeControl "180+1"]
[EndTime "10:13:53 PDT"]
[Termination "Willychess95 won by resignation"]

1. e4 c5 2. Nc3 d6 3. g3 Nc6 4. Bg2 g6 5. d3 Bg7 6. Nh3 e6 7. O-O Nge7 8. Bd2 O-O 9. Qc1 Nd4 10. Kh1 Re8 11. Bh6 Bh8 12. Nd1 Nec6 13. c3 Nb5 14. a4 Nc7 15. Ne3 Rb8 16. Ng4 b6 17. Bg5 f6 18.
Bh6 e5 19. f4 Bxg4 0-1

[Event "*** Titled Tuesday Blitz"]
[Site "Chess.com"]
[Date "2021.04.27"]
[Round "2"]
[White "PolandHussars"]
[Black "nicoderboss24"]
[Result "1-0"]
[WhiteElo "2623"]
[BlackElo "2280"]
[TimeControl "180+1"]
[EndTime "10:14:17 PDT"]
[Termination "PolandHussars won by resignation"]

1. e4 c5 2. Ne2 Nc6 3. g3 g6 4. Bg2 Bg7 5. c3 e5 6. d3 Nge7 7. Be3 d6 8. Nd2 O-O 9. f4 f5 10. O-O h6 11. Nf3 Kh7 12. Qd2 exf4 13. Nxf4 Rb8 14.
exf5 Nxf5 15. Bf2 d5 16. Nxd5 b6 17. Rae1 Qd6 18. g4 Nfe7 19. Nxe7 Nxe7 20. Bg3 Qd7 21. Bxb8 1-0

[Event "*** Titled Tuesday Blitz"]
[Site "Chess.com"]
[Date "2021.04.27"]
[Round "2"]
[White "Nikolaj_6"]
[Black "volkanyirik"]
[Result "1-0"]
[WhiteElo "2658"]
[BlackElo "2415"]
[TimeControl "180+1"]
[EndTime "10:14:32 PDT"]
[Termination "Nikolaj_6 won by resignation"]

1. e4 g6 2. d4 Bg7 3. Nf3 c5 4. dxc5 Nc6 5. c3 Nf6 6. Nbd2 O-O 7. h3 b6 8. cxb6 Qxb6 9. Bd3 d5 10. O-O Bb7 11.
Qe2 e5 12. exd5 Nxd5 13. Nc4 Qc7 14. Re1 Rfe8 15. Ng5 f5 16. Ne3 Nf4 17. Bc4+ Kf8 18. Nxh7+ Ke7 19. Nd5+ Nxd5 20. Bxd5 Rad8 21. Bg5+ 1-0

[Event "*** Titled Tuesday Blitz"]
[Site "Chess.com"]
[Date "2021.04.27"]
[Round "2"]
[White "Forantes"]
[Black "ckgchess"]
[Result "1-0"]
[WhiteElo "2502"]
[BlackElo "2673"]
[TimeControl "180+1"]
[EndTime "10:14:43 PDT"]
[Termination "Forantes won by resignation"]

1. Nf3 g6 2. g3 Bg7 3. d4 Nf6 4. Bg2 O-O 5. O-O d6 6. b3 c6 7. c4 Qa5 8. Bb2 Qh5 9. Nc3 Bh3 10. Qd2 Nbd7 11. Qg5 Qxg5 12. Nxg5 Bxg2 13. Kxg2 h6 14. Nf3 d5 15. cxd5 Nxd5 16. Nxd5 cxd5 17. Rac1 Rac8 18. Ba3 Bf6 19. e3 Rfe8 20. Rxc8 Rxc8 21. Rc1 Rxc1 22. Bxc1 e6 23. Ba3 Bd8 24. Ne1 f6 25.
Nd3 Bb6 26. Bd6 Kf7 27. Kf3 e5 28. dxe5 Ke6 29. Nf4+ Kf5 30. g4+ Kg5 31. Ne6+ Kh4 32. exf6 Nxf6 33. Bg3+ 1-0

[Event "*** Titled Tuesday Blitz"]
[Site "Chess.com"]
[Date "2021.04.27"]
[Round "2"]
[White "Rodchenkov_Vitalij"]
[Black "muthaiahchess"]
[Result "0-1"]
[WhiteElo "2054"]
[BlackElo "2373"]
[TimeControl "180+1"]
[EndTime "10:15:07 PDT"]
[Termination "muthaiahchess won by checkmate"]

1. Nf3 Nf6 2. c4 g6 3. Nc3 d5 4. Qa4+ c6 5. d4 Bg7 6. Bf4 O-O 7. e3 dxc4 8. Qc2 b5 9. a4 b4 10. Na2 b3 11. Qxc4 bxa2 12. Rxa2 Ba6 13. Qc3 Nd5 14. Qb3 Bxf1 15. Rxf1 Qa5+ 16. Kd1 Nxf4 17. exf4 Nd7 18. Qa3 Rab8 19. Qxe7 Qd5 20. Ra3 Rxb2 21. Kc1 Rfb8 22. Ra1 Qc4+ 23. Kd1 Qxf1+ 24. Ne1 Qxf2 25. Nd3 Qd2# 0-1

[Event "*** Titled Tuesday Blitz"]
[Site "Chess.com"]
[Date "2021.04.27"]
[Round "2"]
[White "thechesscorner64"]
[Black "mr65"]
[Result "0-1"]
[WhiteElo "2400"]
[BlackElo "2186"]
[TimeControl "180+1"]
[EndTime "10:15:11 PDT"]
[Termination "mr65 won by resignation"]

1. e4 e5 2. Nf3 Nc6 3. Bc4 Nf6 4. d3 Bc5 5. c3 O-O 6. Nbd2 h6 7. Nf1 d5 8. exd5 Nxd5 9. Ng3 Na5 10. Bb3 Nxb3 11.
axb3 Nf4 12. d4 Nxg2+ 13. Kf1 Bh3 14. Kg1 exd4 15. cxd4 Bd6 16. Qd3 Re8 17. Be3 Qf6 18. Ra5 Qxf3 19. Rh5 Nf4 0-1

[Event "*** Titled Tuesday Blitz"]
[Site "Chess.com"]
[Date "2021.04.27"]
[Round "2"]
[White "Fraler15"]
[Black "EvilMorty23"]
[Result "1-0"]
[WhiteElo "2201"]
[BlackElo "2404"]
[TimeControl "180+1"]
[EndTime "10:15:24 PDT"]
[Termination "Fraler15 won by checkmate"]

1. e4 e6 2. d4 d5 3. e5 c5 4. c3 Nc6 5. Nf3 f6 6. Bd3 Qc7 7. Bf4 cxd4 8. cxd4 Nb4 9. Bb5+ Bd7 10. Bxd7+ Qxd7 11. O-O Ne7 12. exf6 gxf6 13. Nh4 Ng6 14. Qh5 Qf7 15.
Nxg6 Qxg6 16. Qe2 Kf7 17. Nc3 Rg8 18. Bg3 Nc2 19. Rad1 Bd6 20. a3 h5 21. Rd2 h4 22.
Rxc2 hxg3 23. fxg3 Rae8 24. Rcc1 e5 25. Nxd5 exd4 26.
Qc4 Kg7 27. Nxf6 Rc8 28. Qe6 Rxc1 29. Qxg8+ Kh6 30. Qh8+ Kg5 31. Qh4# 1-0

[Event "*** Titled Tuesday Blitz"]
[Site "Chess.com"]
[Date "2021.04.27"]
[Round "2"]
[White "Chessmasterzt"]
[Black "amintabatabaei"]
[Result "0-1"]
[WhiteElo "2607"]
[BlackElo "2990"]
[TimeControl "180+1"]
[EndTime "10:15:29 PDT"]
[Termination "amintabatabaei won by resignation"]

1. d4 Nf6 2. c4 c5 3. Nf3 g6 4.
Nc3 cxd4 5. Nxd4 Nc6 6. e4 Nxd4 7. Qxd4 d6 8. Be3 Bg7 9. f3 O-O 10. Qd2 a5 11. Be2 a4 12. Rc1 Qa5 13. Nb5 Qxd2+ 14. Kxd2 Nd7 15. Rc2 Nc5 16. Nc7 Ra5 17. Nd5 Re8 18.
Rb1 e6 19. Nc7 Rd8 20. b4 axb3 21. axb3 Ra3 22. b4 Nb3+ 23. Ke1 Bd7 24. Nb5 Bxb5 25. cxb5 Nd4 26. Rc7 Rxe3 0-1

[Event "*** Titled Tuesday Blitz"]
[Site "Chess.com"]
[Date "2021.04.27"]
[Round "2"]
[White "Nils_03"]
[Black "Goryachkina"]
[Result "0-1"]
[WhiteElo "2422"]
[BlackElo "2661"]
[TimeControl "180+1"]
[EndTime "10:15:40 PDT"]
[Termination "Goryachkina won by resignation"]

1. c4 e6 2. d4 d5 3. Nf3 Nf6 4.
g3 Bb4+ 5. Bd2 Bd6 6. Bg2 O-O 7. O-O c6 8. Qc2 Nbd7 9. Bf4 Bxf4 10. gxf4 b6 11.
Nbd2 Bb7 12. e3 c5 13. dxc5 Nxc5 14. Ne5 Rc8 15. Rad1 Qe7 16. Qb1 Rfd8 17. b3 h6 18. Qb2 dxc4 19. Ndxc4 Bxg2 20. Kxg2 Nfe4 21. Nf3 b5 22.
Nce5 Qb7 23. Kg1 f6 24. Ng6 Nd3 25. Qe2 Nc3 26. Rxd3 Nxe2+ 0-1

[Event "*** Titled Tuesday Blitz"]
[Site "Chess.com"]
[Date "2021.04.27"]
[Round "2"]
[White "MalyDominator"]
[Black "OlifantCZ"]
[Result "0-1"]
[WhiteElo "2442"]
[BlackElo "2265"]
[TimeControl "180+1"]
[EndTime "10:15:40 PDT"]
[Termination "OlifantCZ won by resignation"]

1. e4 e6 2. d4 d5 3. Nd2 c5 4. exd5 Qxd5 5. Ngf3 cxd4 6. Bc4 Qd6 7. O-O Nf6 8. Nb3 Nc6 9. Nbxd4 Nxd4 10. Nxd4 a6 11. Re1 Bd7 12. c3 Qc7 13. Bf1 Bd6 14. Nf5 Bxh2+ 15.
Kh1 Kf8 16. Qd4 exf5 17. Qh4 Bd6 18. Bg5 Ne4 19. Be3 Re8 20. Rad1 Re6 21. Bc4 Qxc4 22.
Qd8+ Be8 23. Bb6 Rh6+ 24. Kg1 Bh2+ 25. Kh1 Bc7+ 0-1

[Event "*** Titled Tuesday Blitz"]
[Site "Chess.com"]
[Date "2021.04.27"]
[Round "2"]
[White "Kislov_Oleg"]
[Black "HanSchut"]
[Result "0-1"]
[WhiteElo "2484"]
[BlackElo "2294"]
[TimeControl "180+1"]
[EndTime "10:15:41 PDT"]
[Termination "HanSchut won by resignation"]

1. e4 c5 2. Nf3 d6 3. d4 cxd4 4. Nxd4 Nf6 5. Nc3 a6 6. Bg5 e6 7. f4 Be7 8. Qf3 h6 9. Bh4 g5 10. fxg5 Nfd7 11. Nxe6 fxe6 12. Qh5+ Kf8 13. Bc4 Ne5 14. O-O+ Kg8 15. Nd5 hxg5 16. Nxe7+ Qxe7 17. Rf8+ Qxf8 18. Qxg5+ Qg7 19. Qd8+ Kh7 20. Qa5 Nbc6 21. Qc3 Nxc4 22. Qxc4 Qd4+ 0-1

[Event "*** Titled Tuesday Blitz"]
[Site "Chess.com"]
[Date "2021.04.27"]
[Round "2"]
[White "Harald_Schmidt"]
[Black "Vugar_Manafov"]
[Result "0-1"]
[WhiteElo "2323"]
[BlackElo "2732"]
[TimeControl "180+1"]
[EndTime "10:15:42 PDT"]
[Termination "Vugar_Manafov won by resignation"]

1. e4 Nf6 2. e5 Nd5 3. d4 d6 4. Nf3 Nb6 5. Bb5+ c6 6. Be2 Bg4 7.
Ng5 Bxe2 8. Qxe2 h6 9. Nf3 e6 10. g4 Be7 11. h4 N8d7 12. Nc3 Nd5 13. Ne4 dxe5 14. dxe5 Qc7 15. c4 Nb4 16. a3 Na6 17. Bf4 Nac5 18. Nd6+ Bxd6 19. exd6 Qd8 20. b4 Qf6 21. Be5 Nxe5 22. Nxe5 Qxe5 23. bxc5 Qxa1+ 0-1

[Event "*** Titled Tuesday Blitz"]
[Site "Chess.com"]
[Date "2021.04.27"]
[Round "2"]
[White "erdni1993"]
[Black "LifeIsAllAboutChess23"]
[Result "1-0"]
[WhiteElo "2420"]
[BlackElo "2183"]
[TimeControl "180+1"]
[EndTime "10:15:45 PDT"]
[Termination "erdni1993 won by resignation"]

1. e4 g6 2. d4 Bg7 3. c3 d6 4. f4 Nf6 5. Bd3 Nc6 6. Nf3 O-O 7.
O-O e5 8. fxe5 dxe5 9. d5 Ne7 10. Bg5 Qd6 11. Kh1 Kh8 12. Nbd2 Neg8 13. Nc4 Qd8 14. Nfxe5 h6 15. Bh4 g5 16. Bg3 b5 17. Ne3 Bb7 18. Nf5 a6 19. Nxg7 Kxg7 20. Nf3 Re8 21. Nd4 Nxe4 22. Nf5+ Kh7 23. Bxe4 Rxe4 24. Qh5 Bxd5 25. Rad1 Nf6 26. Qxh6+ 1-0

[Event "*** Titled Tuesday Blitz"]
[Site "Chess.com"]
[Date "2021.04.27"]
[Round "2"]
[White "vinniethepooh"]
[Black "Kozok"]
[Result "1-0"]
[WhiteElo "2742"]
[BlackElo "2520"]
[TimeControl "180+1"]
[EndTime "10:15:48 PDT"]
[Termination "vinniethepooh won by resignation"]

1. d4 Nf6 2. c4 e6 3. Nc3 d5 4. cxd5 exd5 5. Bg5 Bb4 6. e3 h6 7. Bxf6 Qxf6 8. Bd3 O-O 9. Ne2 c6 10. O-O Bd6 11. Ng3 Nd7 12. Rb1 a5 13. a3 Nb6 14.
b4 axb4 15. axb4 Ra3 16. Qc1 Ra7 17. b5 Bxg3 18. hxg3 Na4 19. Ra1 Nxc3 20. Rxa7 Nxb5 21. Bxb5 cxb5 22. Qc5 Be6 23. Rxb7 h5 24. Ra1 g6 25. Qxb5 h4 26. gxh4 Qxh4 27. Qc5 Kg7 28. Qd6 Rc8 29. Qxe6 1-0

[Event "*** Titled Tuesday Blitz"]
[Site "Chess.com"]
[Date "2021.04.27"]
[Round "2"]
[White "Leonid_Starozhilov"]
[Black "H3nriqueTV"]
[Result "1-0"]
[WhiteElo "2672"]
[BlackElo "2316"]
[TimeControl "180+1"]
[EndTime "10:15:50 PDT"]
[Termination "Leonid_Starozhilov won by resignation"]

1. e4 c5 2. Nf3 d6 3. Bb5+ Bd7 4. c4 Nc6 5. Nc3 g6 6. d4 cxd4 7. Nxd4 Bg7 8. Be3 Nf6 9. f3 O-O 10. O-O Rc8 11. Bxc6 bxc6 12. Rc1 Rb8 13. b3 Qa5 14. Qd2 Rfe8 15. Rfd1 Qc7 16. Nde2 Red8 17. Bd4 Be6 18. h3 c5 19. Be3 a6 20. Nf4 Bd7 21. Nfd5 Nxd5 22. Nxd5 Qb7 23. Nxe7+ Kh8 24. Nd5 Be6 25. Bg5 Re8 26. Bf6 Bxd5 27. Bxg7+ Kxg7 28. Qxd5 Qxd5 29. Rxd5 Re6 30. Rcd1 Rb6 31. h4 h5 32. Kf2 f6 33.
Kg3 Kf7 34. Kf4 Ke7 35. g4 Kf7 36. gxh5 gxh5 37. Rxh5 Kg6 38. Rh8 Rb7 39. Rg1+ Kf7 40. Rh7+ 1-0

[Event "*** Titled Tuesday Blitz"]
[Site "Chess.com"]
[Date "2021.04.27"]
[Round "2"]
[White "Sanan_Sjugirov"]
[Black "SilviusTiberius"]
[Result "1-0"]
[WhiteElo "2978"]
[BlackElo "2600"]
[TimeControl "180+1"]
[EndTime "10:15:52 PDT"]
[Termination "Sanan_Sjugirov won by resignation"]

1. d4 Nf6 2. Nf3 d5 3. Bf4 c5 4.
e3 Qb6 5. Nbd2 Nc6 6. dxc5 Qxb2 7. Rb1 Qc3 8. Bb5 Qxc5 9. c4 a6 10. Bxc6+ bxc6 11. O-O e6 12. Qa4 Bd7 13. Ne5 Qa3 14.
Qc2 Bd6 15. Rb7 Rb8 16. Rfb1 Rxb7 17. Rxb7 Bc8 18. Rb3 Qc5 19. Nd3 1-0

[Event "*** Titled Tuesday Blitz"]
[Site "Chess.com"]
[Date "2021.04.27"]
[Round "2"]
[White "LordIron"]
[Black "Iball95"]
[Result "0-1"]
[WhiteElo "2276"]
[BlackElo "2622"]
[TimeControl "180+1"]
[EndTime "10:15:56 PDT"]
[Termination "Iball95 won by resignation"]

1. d4 e6 2. Nf3 c5 3. g3 d5 4.
Bg2 Nf6 5. O-O Nc6 6. b3 cxd4 7. Nxd4 Bc5 8. Bb2 O-O 9. e3 Re8 10. c4 Bd7 11. cxd5 Nxd5 12. Nxc6 Bxc6 13. Nd2 Nxe3 14.
fxe3 Bxe3+ 15. Rf2 Bxf2+ 16. Kxf2 Qb6+ 17. Kf1 Rad8 18. Qe2 Rxd2 19. Qxd2 Bb5+ 0-1

[Event "*** Titled Tuesday Blitz"]
[Site "Chess.com"]
[Date "2021.04.27"]
[Round "2"]
[White "csati17"]
[Black "Oleksandr_Bortnyk"]
[Result "0-1"]
[WhiteElo "2598"]
[BlackElo "2960"]
[TimeControl "180+1"]
[EndTime "10:16:01 PDT"]
[Termination "Oleksandr_Bortnyk won by resignation"]

1. c4 e5 2. g3 d6 3. Nc3 g6 4. Bg2 Bg7 5. e3 Nc6 6. Nge2 f5 7. O-O Nf6 8. d4 O-O 9. Rb1 a5 10. a3 Ne7 11. b4 axb4 12. axb4 c6 13. c5 e4 14.
cxd6 Qxd6 15. f3 exf3 16. Bxf3 Be6 17. Nf4 Bc4 18. Re1 Ned5 19. Ncxd5 cxd5 20. Be2 b5 21. Qc2 Rfc8 22. Qb2 Ra2 23. Qc3 Ne4 0-1

[Event "*** Titled Tuesday Blitz"]
[Site "Chess.com"]
[Date "2021.04.27"]
[Round "2"]
[White "laboratorio25"]
[Black "OK97"]
[Result "0-1"]
[WhiteElo "2522"]
[BlackElo "2742"]
[TimeControl "180+1"]
[EndTime "10:16:01 PDT"]
[Termination "OK97 won by resignation"]

1. e4 g6 2. d4 Bg7 3. Nc3 c6 4.
Nf3 d5 5. h3 dxe4 6. Nxe4 Nf6 7. Nxf6+ exf6 8. Bd3 O-O 9. O-O Na6 10. c4 Nc7 11. Bc2 Be6 12. b3 b5 13. c5 Bd5 14.
Be3 Ne6 15. Qe2 Re8 16. Qd1 f5 17. Ne5 f4 18. Bc1 Nxd4 19. Ng4 Ne2+ 20. Kh1 Bxa1 21.
Bxf4 Bxg2+ 22. Kxg2 Nxf4+ 0-1

[Event "*** Titled Tuesday Blitz"]
[Site "Chess.com"]
[Date "2021.04.27"]
[Round "2"]
[White "NovikovaGalina"]
[Black "suyu28"]
[Result "0-1"]
[WhiteElo "2305"]
[BlackElo "2631"]
[TimeControl "180+1"]
[EndTime "10:16:03 PDT"]
[Termination "suyu28 won by resignation"]

1. e4 c5 2. Nf3 d6 3. d4 cxd4 4.
Nxd4 Nf6 5. Nc3 a6 6. h3 e5 7. Nde2 h5 8. g3 Be7 9. Bg2 Be6 10. Be3 Nbd7 11. f4 O-O 12. f5 Bc4 13. b3 Bxe2 14. Nxe2 b5 15. O-O Qc7 16. Rf2 Qc6 17. Qd3 Nc5 18. Bxc5 Qxc5 19. Rf1 Rac8 20. Nc1 a5 21. Kh2 b4 22. Qf3 Qd4 23. g4 Rc3 24.
Nd3 d5 25. Qg3 dxe4 26. Qxe5 Bd6 0-1

[Event "*** Titled Tuesday Blitz"]
[Site "Chess.com"]
[Date "2021.04.27"]
[Round "2"]
[White "DarkAlekhine"]
[Black "stolencandy13"]
[Result "1-0"]
[WhiteElo "2684"]
[BlackElo "2482"]
[TimeControl "180+1"]
[EndTime "10:16:09 PDT"]
[Termination "DarkAlekhine won by checkmate"]

1. e4 c6 2. d4 d5 3. e5 Bf5 4. Nf3 e6 5. Be2 Bg6 6. O-O Nh6 7. c3 Nf5 8. Re1 Be7 9. a4 a6 10. Na3 c5 11. Nc2 Nc6 12. Ne3 O-O 13.
Nxf5 Bxf5 14. Bd3 Bg4 15. dxc5 Bxc5 16. a5 Re8 17. Ra4 Bxf3 18. Qxf3 Bf8 19. Rg4 Rc8 20. Bg5 Be7 21. Bxh7+ Kxh7 22. Qh3+ Kg8 23. Rh4 f6 24.
Rh8+ Kf7 25. Qh5+ g6 26. Qh7# 1-0